 Dungeon Crawl Stone Soup version 0.18-a0-1303-g41c131c (webtiles) character file.

142 Gagarin the Caller (level 5, -3/37 HPs)
             Began as a Vampire Summoner on Feb 12, 2016.
             Slain by Blork the orc
             ... wielding a +2 vampiric glaive
              (10 damage)
             ... on level 4 of the Dungeon.
             The game lasted 00:10:44 (1658 turns).

Gagarin the Caller (Vampire Summoner)               Turns: 1658, Time: 00:10:44

Health: -3/37      AC:  2    Str:  8    XL:     5   Next: 4%
Magic:  1/9        EV: 13    Int: 17    God:
Gold:   115        SH:  0    Dex: 15    Spells: 3 memorised, 3 levels left

rFire  . . .     SeeInvis +     n - +0 dagger (speed)
rCold  . . .     Gourm    .     a - +0 robe
rNeg   . . .     Faith    .     (no shield)
rPois  .         Spirit   .     (no helmet)
rElec  .         Dismiss  .     (no cloak)
rCorr  .         Reflect  .     (no gloves)
SustAt .         Harm     .     (no boots)
MR     .....                    (no amulet)
Stlth  +++.......               (no ring)
                                (no ring)

@: regenerating quickly, not resistant to hostile enchantments, fairly stealthy
A: fangs 3, see invisible, unbreathing
a: no special abilities


You were on level 4 of the Dungeon.
You were full.

You visited 1 branch of the dungeon, and saw 4 of its levels.

You collected 115 gold pieces.

Inventory:

Hand Weapons
 n - a +0 dagger of speed (weapon)
Armour
 a - a +0 robe (worn)
Scrolls
 e - a scroll of blinking {unknown}
 f - 2 scrolls of identify {unknown}
 i - a scroll of fog {unknown}
 j - 2 scrolls of enchant armour {unknown}
 k - a scroll of enchant weapon {unknown}
 p - a scroll of remove curse {unknown}
 q - a scroll of teleportation {unknown}
 r - a scroll of amnesia {unknown}
Potions
 c - 22 potions of blood
 d - a potion of haste {unknown}
 g - 2 potions of cure mutation {unknown}
 h - a potion of resistance {unknown}
 l - 2 potions of lignification {unknown}
 m - a potion of curing {unknown}
 o - a potion of brilliance {unknown}
Books
 b - a book of Callings

   Spells                             Type                      Level
   a - Summon Small Mammal            Summoning                    1
   b - Call Imp                       Summoning                    2
   c - Call Canine Familiar           Summoning                    3
   d - Summon Guardian Golem          Hexes/Summoning              3
   e - Summon Lightning Spire         Summoning/Air                4
   f - Summon Ice Beast               Ice/Summoning                4


   Skills:
 + Level 1.0 Fighting
 + Level 0.4 Short Blades
 + Level 3.1 Dodging
 + Level 3.8 Stealth
 + Level 2.9 Spellcasting
 + Level 4.9 Summonings


You had 3 spell levels left.
You knew the following spells:

 Your Spells              Type           Power        Failure   Level  Hunger
a - Summon Small Mammal   Summ           ###.         2%          1    None
b - Call Imp              Summ           ###.....     3%          2    ##.....
c - Call Canine Familiar  Summ           ###.....     10%         3    ###....


Dungeon Overview and Level Annotations

Branches:
Dungeon (4/15)
 Temple: D:4-7

Altars:
The Shining One

Annotations:
D:4 Blork the orc


Innate Abilities, Weirdness & Mutations

Your natural rate of healing is unusually fast.
You have razor-sharp teeth.
You have supernaturally acute eyesight.
You can survive without breathing.


Message History

The giant cockroach misses you.
Found a coppery potion and a scroll labeled UBLIWI AQ JAAN.
The giant cockroach bites your hound but does no damage.
Your hound bites the giant cockroach.
You see here a coppery potion.
l - 2 coppery potions (gained 1)
Your hound completely misses the giant cockroach.
The giant cockroach misses your hound.
Drink which item? (? for menu, Esc to quit)
Okay, then.
What do you say? t - Shout!
Orders for allies: a - Attack new target. r - Retreat! s - Stop attacking. w - Wait here. f - Follow me.
Anything else - Stay silent.
Wait here!
You hear a shout! x5
Blork the orc hits you from afar with a vampiric glaive!
You die...

..# ...... #.#
#...... .# ...
..(..#.. .###
#[####...##.# ....
#........#.. ...
#........#.# #..
<........#.### #.#
.............# #?#
#.........O.o###@#
.........o..oo.#h#
#...).......o#so.#
#...ยง....o.o.#.###
.............#..
....#####..#.o.#.
..#. ......###.#
.... ..#..... . .
......... ..


You could see Blork the orc (invisible), an orc and a friendly hound.

Vanquished Creatures
  A gnoll (D:3)
  2 adders
  2 giant geckos
  An orc (D:3)
  5 bats
  3 goblins
  6 hobgoblins
  3 kobolds
  5 rats
28 creatures vanquished.

Vanquished Creatures (collateral kills)
  An ogre (D:4)
  2 gnolls (D:3)
  2 adders
  An ooze (D:1)
  2 orcs (D:3)
  2 giant cockroaches
  7 goblins
  8 hobgoblins
  2 jackals (D:3)
  A ball python (D:1)
  2 bats
  2 kobolds
  3 rats
35 creatures vanquished.

Grand Total: 63 creatures vanquished

Notes
Turn   | Place    | Note
--------------------------------------------------------------
     0 | D:1      | Gagarin the Vampire Summoner began the quest for the Orb.
     0 | D:1      | Reached XP level 1. HP: 13/13 MP: 3/3
   123 | D:1      | Reached XP level 2. HP: 11/19 MP: 0/5
   227 | D:1      | Learned a level 2 spell: Call Imp
   694 | D:2      | Reached XP level 3. HP: 16/25 MP: 6/6
   826 | D:2      | Learned a level 3 spell: Call Canine Familiar
  1203 | D:3      | Found a glowing golden altar of the Shining One.
  1281 | D:3      | Reached XP level 4. HP: 31/31 MP: 3/7
  1375 | D:3      | Reached skill level 1 in Fighting
  1630 | D:4      | Noticed an ogre
  1638 | D:4      | Noticed an ogre
  1642 | D:4      | Noticed Blork the orc
  1645 | D:4      | Killed an ogre
  1645 | D:4      | Reached XP level 5. HP: 5/37 MP: 2/9
  1658 | D:4      | Slain by Blork the orc

Vault maps used:
D:1:      co_arrival_hall_of_pillars, minmay_misc_feat_plants
D:3:      overflow_temple_1_default
D:4:      patterned_corridor, uniq_blork_the_orc

Action                   |  1- 3 |  4- 6 || total
-------------------------+-------+-------++-------
Melee: Short sword       |    63 |       ||    63
       Unarmed           |     5 |       ||     5
       Dagger            |    32 |    25 ||    57
 Cast: Summon Small Mamm |    20 |     3 ||    23
       Call Imp          |     5 |     3 ||     8
       Call Canine Famil |     3 |     3 ||     6
 Stab: Distracted        |     1 |       ||     1
       Sleeping          |     6 |       ||     6
  Eat: Corpse            |    14 |     1 ||    15
